 Dungeon Crawl Stone Soup version 0.30.1-3-gfc49f6343a (webtiles) character file.

Game seed: 13525737684267563418

303 booth the Grave Robber (level 6, 0/43 HPs)
             Began as a Demonspawn Necromancer on Aug 2, 2023.
             Was an Initiate of Gozag.
             Slain by a gnoll
             ... wielding a +0 flail
              (6 damage)
             ... on level 4 of the Dungeon.
             The game lasted 00:26:06 (3465 turns).

booth the Grave Robber (Demonspawn Necromancer)     Turns: 3465, Time: 00:26:07

Health: 0/43       AC:  7    Str: 14    XL:     6   Next: 15%
Magic:  10/10      EV: 17    Int: 16    God:    Gozag
Gold:   284        SH:  0    Dex: 13    Spells: 7/11 levels left

rFire   + . .        i - +2 dagger (venom)
rCold   . . .        (no shield)
rNeg    . . .        a - +0 robe
rPois   .            (helmet restricted)
rElec   .            (no cloak)
rCorr   +            n - +2 pair of gloves {Str+3}
SInv    .            p - +2 pair of boots {rampage}
Will    .....        (no amulet)
Stlth   ++           d - +5 ring of evasion
HPRegen 0.27/turn    k - ring of resist corrosion
MPRegen 0.12/turn

%: rampage
@: gold aura
A: demonic guardian 2, powered by pain 1, horns 1, deformed body, fire
resistance 1, evolution 1
a: Renounce Religion, Potion Petition, Call Merchant, Bribe Branch


You were on level 4 of the Dungeon.
You worshipped Gozag.
Gozag was aware of your devotion.
You visited 1 branch of the dungeon, and saw 5 of its levels.

You collected 628 gold pieces.
You spent 344 gold pieces at shops.

Inventory:

Hand Weapons
 b - a +1 whip
 h - a +0 mace
 i - a +2 dagger of venom (weapon)
 j - a +0 war axe
 o - a +0 hand axe
Missiles
 g - 11 poisoned darts (quivered)
Armour
 a - a +0 robe (worn)
 c - a +0 leather armour
 n - a +2 pair of gloves of strength (worn)
 p - a +2 pair of boots of rampaging (worn)
Jewellery
 d - a +5 ring of evasion (left hand)
 k - a ring of resist corrosion (right hand)
 l - a ring of wizardry
 t - a ring of wizardry
Wands
 u - a wand of mindburst (16)
Scrolls
 e - a scroll of amnesia {unknown}
Potions
 f - 3 potions of flight
 s - a potion of curing


   Skills:
 + Level 1.3 Fighting
 + Level 1.2 Maces & Flails
 + Level 2.8 Dodging
 + Level 2.9 Stealth
 * Level 3.3 Spellcasting
 + Level 1.1 Conjurations
 + Level 5.2 Necromancy
 + Level 1.0 Translocations


You had 7 spell levels left.
You knew the following spells:

 Your Spells              Type           Power      Damage    Failure   Level
a - Necrotise             Necr           76%        1d7       1%          1
b - Vampiric Draining     Necr           19%        2d7       6%          3

Your spell library contained the following spells:

 Spells                   Type           Power      Damage    Failure   Level
 Apportation              Tloc           12%        N/A       12%         1
 Summon Small Mammal      Summ           8%         N/A       19%         1
 Volatile Blastmotes      Fire/Tloc      8%         2d10      41%         3
 Agony                    Necr           19%        N/A       50%         5
 Iskenderun's Mystic Bla  Conj/Tloc      6%         2d4       75%         4
 Fulminant Prism          Conj/Hex       2%         3d5       80%         4
 Lee's Rapid Deconstruct  Erth           1%         3d4*      99%         5
 Animate Dead             Necr           Unusable   N/A       N/A         4

Dungeon Overview and Level Annotations

Branches:
Dungeon (5/15)
 Temple: D:4-7

Altars:
Gozag

Shops:
D:4 *


Innate Abilities, Weirdness & Mutations

A demonic guardian rushes to your aid.
You sometimes gain a little power by taking damage.
You have a pair of small horns on your head.
Armour fits poorly on your strangely shaped body.
Your flesh is heat resistant. (rF+)
You have hidden genetic potential.


Message History

The sleepcap is moderately damaged.
The sleepcap releases spores at you!
You hit the sleepcap but do no damage. You headbutt the sleepcap.
The sleepcap is moderately damaged.
The sleepcap completely misses you.
You rampage towards the gnoll!
Found a scroll labelled MIPLUX DIOCIXA.
You barely miss the gnoll. The gnoll barely misses you.
The sleepcap releases spores at you.
You are engulfed in a cloud of soporific spores!
You fall asleep.
The sleepcap releases spores at you!
You wake up.
A demonic guardian appears!
You are engulfed in a cloud of soporific spores!
You are unaffected.
The gnoll completely misses you.
The sleepcap releases spores at you but does no damage.
Your orange demon stings the sleepcap from afar!
There is a stone staircase leading up, spattered with blood here.
You hit the gnoll.
The gnoll is poisoned.
You headbutt the gnoll.
The gnoll is moderately wounded.
The sleepcap barely misses you. The gnoll hits you with a +0 club.
The gnoll hits you from afar with a +0 spear.
Your orange demon stings the sleepcap but does no damage.
The sleepcap closely misses you. The gnoll hits you with a +0 club.
* * * LOW HITPOINT WARNING * * *
The gnoll closely misses you.
Your orange demon stings the sleepcap from afar!
The sleepcap is destroyed!
You climb upwards.
There is a stone staircase leading down here.
You closely miss the gnoll. The gnoll hits you with a +0 club.
* * * LOW HITPOINT WARNING * * *
The gnoll closely misses you.
You hit the gnoll but do no damage. Your headbutt misses the gnoll.
The gnoll hits you with a +0 club.
* * * LOW HITPOINT WARNING * * *
The gnoll hits you with a +0 flail.
* * * LOW HITPOINT WARNING * * *
You closely miss the gnoll. The gnoll hits you but does no damage.
The gnoll hits you with a +0 flail.
You die...
Your body crumbles into a pile of gold.

....#.#..........####.w....#
.#.......#........#.w##..###
##.......#.....#..........#
#...##[.......######w<##..#
...####......### ###w.....##
..####...##....###w........##
....###.#####...S...........###
#...##...#####.g####'##.......#
###.###..##..#.g@###.##.......##
##...##........####8.8#........#
...............#####.##..#.....#
............##.).###.##..#....###
...........<..[...#8.8#.......##.
...............#..##.##..........
........##..#.###.##.##..........
.........#..### #.#8.8#..........
......[..#### ####.#########...


You could see 2 gnolls.

Vanquished Creatures
  An ogre (D:4)
  Jessica (D:3)
  2 orc wizards (D:4)
  An adder (D:2)
  3 adder zombies (D:3)
  4 adder skeletons (D:3)
  2 worms (D:2)
  A dart slug (D:3)
  3 orcs
  4 ball pythons
  5 endoplasms
  3 giant cockroaches
  6 goblins
  7 hobgoblins
  4 jackals (D:2)
  2 quokkas
  A ball python skeleton (D:3)
  2 ball python zombies (D:3)
  9 bats
  4 frilled lizards
  4 kobolds
  A quokka zombie (D:3)
  7 rats
77 creatures vanquished.

Vanquished Creatures (collateral kills)
  A sleepcap (D:5)
  An orc (D:4)
2 creatures vanquished.

Grand Total: 79 creatures vanquished

Notes
Turn   | Place    | Note
-------+----------+-------------------------------------------
     0 | D:1      | booth the Demonspawn Necromancer began the quest for the
                  | Orb.
     0 | D:1      | Reached XP level 1. HP: 13/13 MP: 3/3
   142 | D:1      | Found a faded altar of an unknown god.
   154 | D:1      | Prayed at the altar of an unknown god.
   154 | D:1      | Became a worshipper of Gozag Ym Sagoz the Greedy
   443 | D:1      | Gained mutation: A weak demonic guardian rushes to your
                  | aid. [demonic ancestry]
   443 | D:1      | Reached XP level 2. HP: 19/19 MP: 0/5
   975 | D:2      | Reached XP level 3. HP: 24/24 MP: 1/6
  1395 | D:2      | Learned a level 3 spell: Vampiric Draining
  1699 | D:3      | Gained mutation: You sometimes gain a little power by
                  | taking damage. [demonic ancestry]
  1699 | D:3      | Reached XP level 4. HP: 31/31 MP: 5/8
  1878 | D:3      | Noticed Jessica
  1893 | D:3      | Reached skill level 5 in Necromancy
  1894 | D:3      | Killed Jessica
  2663 | D:4      | Gained mutation: A demonic guardian rushes to your aid.
                  | [demonic ancestry]
  2663 | D:4      | Reached XP level 5. HP: 24/36 MP: 6/9
  2669 | D:4      | Reached skill level 1 in Fighting
  2694 | D:4      | Reached skill level 1 in Maces & Flails
  2829 | D:4      | Found Umuiloe's Assorted Antiques.
  2843 | D:4      | Bought a pair of embroidered gloves for 172 gold pieces
  2843 | D:4      | Bought a pair of glowing boots for 172 gold pieces
  2946 | D:4      | Noticed an ogre
  2956 | D:4      | Killed an ogre
  2957 | D:4      | Reached skill level 1 in Conjurations
  2957 | D:4      | Reached skill level 1 in Translocations
  2957 | D:4      | Reached XP level 6. HP: 23/43 MP: 10/10
  3438 | D:4      | Gained mutation: Your flesh is heat resistant. (rF+)
                  | [potion of mutation]
  3438 | D:4      | Gained mutation: You have a pair of small horns on your
                  | head. [potion of mutation]
  3438 | D:4      | Gained mutation: Armour fits poorly on your strangely
                  | shaped body. [potion of mutation]
  3438 | D:4      | Gained mutation: You have hidden genetic potential. [potion
                  | of mutation]
  3450 | D:5      | Entered Level 5 of the Dungeon
  3465 | D:4      | Slain by a gnoll

Illustrated notes

Levels and vault maps discovered:
D:1:      nagdon_arrival_double_spiral, layout_basic,
          hellmonk_ecumenical_altar_blasted
D:2:      layout_rooms
D:3:      layout_loops_ring, serial_undead, serial_undead_e, serial_undead_e,
          serial_undead_f, serial_undead_d, serial_undead_f,
          grunt_ministairs_12, kennysheep_jessica_study, uniq_jessica
D:4:      layout_cave_pools, serial_shops, shop, dk_noncrumbling_2
D:5:      cheibrodos_fertilizer, layout_layer_cave, dk_xom_monty_hall,
          mainiacjoe_overflow_alcove_2, corexii_item_surrounded_by_moat,
          minmay_manual_mess, uniq_menkaure

Skill      XL: |  1  2  3  4  5 |
---------------+----------------+-----
Dodging        | 2 |  2.8
Stealth        | 2 |  2.9
Necromancy     | 5 |  5.2
Fighting       | 1 |  1.3
Spellcasting   | 3 |  3.3
Maces & Flails | 1 |  1.2
Conjurations   | 1 |  1.1
Translocations | 1 |  1.0

Action                     |  1- 3 |  4- 6 || total
---------------------------+-------+-------++-------
  Melee: Whip              |    97 |   109 ||   206
         Unarmed           |     5 |       ||     5
         Punch             |     1 |     1 ||     2
         Dagger            |       |     7 ||     7
         Headbutt          |       |     3 ||     3
   Cast: Necrotise         |    61 |    17 ||    78
         Vampiric Draining |     2 |     2 ||     4
    Use: Potion            |     4 |     1 ||     5
         Scroll            |     1 |     7 ||     8
   Stab: Sleeping          |     2 |     1 ||     3
 Armour: Robe              |    21 |    20 ||    41
  Dodge: Dodged            |   114 |    87 ||   201
